 Dungeon Crawl Stone Soup version 0.29-a0-834-g1e95ca9f62 (webtiles) character file.

Game seed: 682441515565533345

4728 buhh the Ducker (level 10, 0/106 HPs)
             Began as an Octopode Transmuter on July 12, 2022.
             Was a Priest of Cheibriados.
             Slain by a komodo dragon (21 damage)
             ... on level 1 of the Lair of Beasts.
             The game lasted 00:13:53 (17884 turns).

buhh the Ducker (Octopode Transmuter)              Turns: 17884, Time: 00:13:54

Health: 0/106      AC: 25    Str: 17    XL:     10   Next: 46%
Magic:  9/13       EV:  2    Int: 25    God:    Cheibriados [***...]
Gold:   393        SH:  0    Dex: 18    Spells: 3/13 levels left

rFire   . . .      SeeInvis .     - Unarmed
rCold   . . .      Faith    .   (no shield)
rNeg    . . .      Spirit   .   (helmet currently unavailable)
rPois   +          Reflect  .   (no amulet)
rElec   .          Harm     .   (no ring)
rCorr   .          Rampage  .   (no ring)
Will    .....      NoTele   +   (no ring)
Stlth   ++........              (no ring)
HPRegen 0.27/turn               (no ring)
MPRegen 0.13/turn               (no ring)
                                (no ring)
                                (no ring)

@: tree-form, wereblooded, very slow
A: stationary, stasis, torment immunity, boosted hp, almost no armour,
(amphibious), 8 rings, (camouflage 1), (gelatinous body 1), (nimble swimmer 1),
(tentacles)
a: Renounce Religion, Bend Time, Temporal Distortion


You were on level 1 of the Lair of Beasts.
You worshipped Cheibriados.
Cheibriados was most pleased with you.
You were a tree.
You visited 3 branches of the dungeon, and saw 10 of its levels.
You also visited: Sewer.

You collected 419 gold pieces.
You spent 26 gold pieces at shops.

Inventory:

Missiles
 r - a curare-tipped dart
 w - 8 poisoned darts
Magical Staves
 c - a staff of fire
Jewellery
 p - a ring of ice
 s - an amulet of faith
Wands
 u - a wand of roots (3)
Scrolls
 b - 3 scrolls of blinking {!d}
 f - a scroll of fog
 h - a scroll of enchant armour
 j - a scroll of enchant weapon
 l - 2 scrolls of immolation {!r}
Potions
 a - 2 potions of flight {unknown}
 d - 3 potions of attraction {unknown}
 g - 2 potions of resistance {unknown}
 i - 6 potions of curing {unknown}
 k - 2 potions of invisibility {unknown}
 m - a potion of heal wounds {unknown}
 o - 4 potions of might {unknown}
 q - a potion of degeneration {unknown}
 t - a potion of brilliance {!d}
 v - a potion of haste {unknown}
 x - a potion of cancellation {unknown}


   Skills:
 + Level 7.3 Fighting
 + Level 7.3 Dodging
 - Level 2.0 Stealth
 + Level 7.3 Unarmed Combat
 - Level 2.0 Spellcasting
 - Level 6.0 Transmutations
 - Level 6.0 Ice Magic
 - Level 1.0 Poison Magic
 + Level 2.1 Invocations


You had 3 spell levels left.
You knew the following spells:

 Your Spells              Type           Power      Damage    Failure   Level
a - Beastly Appendage     Tmut           64%        N/A       1%          1
b - Wereblood             Tmut           32%        N/A       1%          2
c - Spider Form           Tmut/Pois      20%        N/A       8%          3
d - Ice Form              Ice/Tmut       32%        N/A       10%         4

Your spell library contained the following spells:

 Spells                   Type           Power      Damage    Failure   Level
 Freeze                   Ice            100%       1d11      1%          1
 Frozen Ramparts          Ice            64%        1d8       2%          3
 Ozocubu's Armour         Ice            32%        N/A       2%          3
 Passwall                 Tmut/Erth      14%        N/A       4%          2
 Sandblast                Erth           4%         2d4       11%         1
 Shock                    Conj/Air       8%         1d3       11%         1
 Summon Small Mammal      Summ           8%         N/A       11%         1
 Call Canine Familiar     Summ           2%         N/A       32%         3
 Confusing Touch          Hex            2%         N/A       32%         3
 Stone Arrow              Conj/Erth      4%         3d7       32%         3
 Summon Guardian Golem    Hex/Summ       2%         N/A       32%         3
 Swiftness                Air            2%         N/A       32%         3
 Tukima's Dance           Hex            2%         N/A       32%         3
 Hailstorm                Conj/Ice       17%        3d6       32%         4
 Olgreb's Toxic Radiance  Pois           7%         N/A       58%         4
 Metabolic Englaciation   Hex/Ice        8%         N/A       65%         5
 Yara's Violent Unravell  Hex/Tmut       8%         3d5       65%         5
 Airstrike                Air            1%         0-2+      73%         4
 Fulminant Prism          Conj/Hex       1%         3d6       73%         4
 Iskenderun's Mystic Bla  Conj/Tloc      2%         2d3       73%         4
 Passage of Golubria      Tloc           2%         N/A       73%         4
 Summon Lightning Spire   Summ/Air       2%         N/A       73%         4
 Lee's Rapid Deconstruct  Erth           1%         3d5*      97%         5
 Lightning Bolt           Conj/Air       1%         1d12      97%         5
 Simulacrum               Ice/Necr       8%         N/A       99%         6
 Enfeeble                 Hex            1%         N/A       100%        7
 Ozocubu's Refrigeration  Ice            16%        4d8       100%        7
 Ignition                 Fire           1%         3d3       100%        8


Dungeon Overview and Level Annotations

Branches:
Dungeon (8/15) Zot: 38613  Temple (1/1) D:7 Zot: 8998    Lair (1/6) D:8 Zot: 8881
  Sewer (visited)

Altars:
Cheibriados
Dithmenos
Fedhas
Gozag
Hepliaklqana
Kikubaaqudgha
Makhleb
Ru
Trog
Uskayaw
Vehumet
Wu Jian
Zin
The Shining One

Shops:
D:1 *   D:2 ?

Annotations:
D:3 2 transporters, zhov's ghost, amateur DsNe
D:4 exclusion: downstairs
D:8 exclusions: hornet, steam dragon and 1 more exclusion


Innate Abilities, Weirdness & Mutations

You are a tree.
Your roots penetrate the ground, keeping you stationary.
You cannot be teleported.
You are immune to unholy pain and torment.
Your maximum health is greatly increased.
You cannot wear most types of armour.
((You are amphibious.))
You can wear up to eight rings at the same time.
((Your skin changes colour to match your surroundings (Stealth+).))
((Your rubbery body absorbs attacks. (AC +1, EV +1)))
((You are camouflaged when in or above water. (Stealth+)))
((You have tentacles for arms and can constrict up to eight enemies at once.))


Message History

The wolf is engulfed in poison gas.
The wolf looks as sick as possible!
You kill the wolf!
Cheibriados appreciates the change of pace.
The wolf is engulfed in poison gas.
The wolf looks even sicker.
The komodo dragon is engulfed in poison gas.
The komodo dragon looks even sicker.
The komodo dragon bites you.
The wolf is engulfed in poison gas.
The wolf looks as sick as possible!
The wolf bites you but does no damage.
Your blood is infused with primal strength.
The wolf looks even sicker.
The wolf is engulfed in poison gas.
The wolf looks as sick as possible!
The wolf bites you but does no damage.
The wolf is engulfed in poison gas.
The wolf looks even sicker.
The wolf bites you!
The komodo dragon is engulfed in poison gas.
The komodo dragon looks even sicker.
The komodo dragon bites you!
* * * LOW HITPOINT WARNING * * *
You barely miss the komodo dragon.
The komodo dragon is almost dead.
The wolf is engulfed in poison gas.
The wolf looks as sick as possible!
The wolf bites you.
* * * LOW HITPOINT WARNING * * *
The wolf is engulfed in poison gas.
The wolf looks as sick as possible!
The wolf bites you but does no damage.
The komodo dragon is engulfed in poison gas.
The komodo dragon looks as sick as possible!
The komodo dragon bites you but does no damage.
The wolf is engulfed in poison gas.
The wolf looks as sick as possible!
The wolf bites you but does no damage.
The wolf looks as sick as possible!
The wolf bites you but does no damage.
You hit the komodo dragon but do no damage.
The komodo dragon is almost dead.
You feel a bit better.
You kill the wolf!
Cheibriados thoroughly appreciates the change of pace.
The wolf is engulfed in poison gas.
The wolf looks as sick as possible!
The wolf bites you but does no damage.
The komodo dragon is engulfed in poison gas.
The komodo dragon looks as sick as possible!
The komodo dragon bites you!!
You die...

....... ... .....#
.... [####....##...
.P#.........#
............#
#...†.....# #......#
# #....☼§##§####.#
...##.[h.§.$†.§☼♣lS#
#.......§#☼#§#h###§#
..####...### ##
##.h.# ..#.###..##
.........#
######.######
#####.#
#..#.##.##.......
##.......<...#


You could see a komodo dragon (extremely poisoned), a black mamba and a wolf
(extremely poisoned).

Vanquished Creatures
  A wyvern (D:8)
  2 basilisks (D:8)
  Menkaure (D:5)
  2 steam dragons
  4 water moccasins
  An acid dragon (D:8)
  An orc warrior (D:7)
  A sky beast (D:7)
  An ice beast (D:7)
  A black bear (D:8)
  An ogre (D:5)
  12 wolves
  A centaur (D:5)
  A phantom (D:5)
  A kobold brigand (D:6)
  A gnoll sergeant (D:5)
  6 bullfrogs
  3 scorpions
  9 wights
  A howler monkey (D:7)
  3 hounds
  2 jellies
  An orc priest (D:4)
  4 iguanas
  2 orc wizards
  A mummy (D:6)
  Robin (D:4)
  7 adders
  8 gnolls
  A shadow imp (D:5)
  A white imp (D:7)
  An ufetubus (D:6)
  A worm (D:4)
  3 dart slugs
  8 orcs
  10 ball pythons
  6 bats
  4 endoplasms
  10 giant cockroaches
  14 goblins
  12 hobgoblins
  17 jackals
  14 quokkas
  10 frilled lizards
  3 hobgoblin zombies (D:6)
  10 kobolds
  A kobold zombie (D:6)
  A rat (D:2)
207 creatures vanquished.

Vanquished Creatures (others)
  4 fungi
  19 plants
23 creatures vanquished.

Grand Total: 230 creatures vanquished

Notes
Turn   | Place    | Note
-------+----------+-------------------------------------------
     0 | D:1      | buhh the Octopode Transmuter began the quest for the Orb.
     0 | D:1      | Reached XP level 1. HP: 13/13 MP: 3/3
   128 | D:1      | Reached skill level 1 in Stealth
   188 | D:1      | Reached XP level 2. HP: 18/18 MP: 5/5
   208 | D:1      | Reached skill level 1 in Poison Magic
   532 | D:1      | Reached XP level 3. HP: 23/23 MP: 4/6
   668 | D:1      | Found Hemnock's General Store.
  1552 | D:2      | Found a faded altar of an unknown god.
  1741 | D:2      | Reached XP level 4. HP: 29/29 MP: 5/7
  2049 | D:2      | Found Ackoa's Magic Scroll Shoppe.
  2055 | D:2      | Bought a scroll of identify for 26 gold pieces
  2640 | D:3      | Found a transporter.
  2646 | D:3      | Noticed zhov's ghost (amateur DsNe)
  2682 | D:3      | Found a transporter.
  2773 | D:3      | Found a burning altar of Makhleb.
  3019 | D:4      | Noticed Robin
  3041 | D:3      | Learned a level 2 spell: Wereblood
  3045 | D:3      | Learned a level 3 spell: Spider Form
  3083 | D:4      | Reached XP level 5. HP: 32/35 MP: 6/8
  3146 | D:4      | Killed Robin
  3482 | D:4      | Found a glowing drain.
  3498 | Sewer    | Entered a sewer
  3510 | Sewer    | Reached XP level 6. HP: 41/42 MP: 9/9
  4094 | D:4      | Found a hazy altar of Hepliaklqana.
  4094 | D:4      | Found a bloodstained altar of Trog.
  4122 | D:4      | Reached XP level 7. HP: 23/47 MP: 5/10
  4363 | D:5      | Entered Level 5 of the Dungeon
  4705 | D:4      | Learned a level 4 spell: Ice Form
  6932 | D:5      | Reached skill level 5 in Unarmed Combat
  8615 | D:5      | Reached skill level 5 in Dodging
  8903 | D:5      | Noticed Menkaure
 12712 | D:5      | Killed Menkaure
 12713 | D:5      | Reached XP level 8. HP: 54/54 MP: 7/11
 12768 | D:5      | Found a sacrificial altar of Ru.
 12768 | D:5      | Found a snail-covered altar of Cheibriados.
 12770 | D:5      | Found a glowing silver altar of Zin.
 12777 | D:5      | Became a worshipper of Cheibriados the Contemplative
 12859 | D:5      | Found an opulent altar of Gozag.
 12950 | D:5      | Reached skill level 5 in Fighting
 13296 | D:5      | Reached skill level 1 in Ice Magic
 14180 | D:6      | Reached * piety under Cheibriados
 14894 | D:7      | Reached XP level 9. HP: 32/61 MP: 9/12
 15319 | D:7      | Reached ** piety under Cheibriados
 15567 | D:7      | Reached skill level 5 in Transmutations
 15856 | D:7      | Found a staircase to the Ecumenical Temple.
 15862 | Temple   | Entered the Ecumenical Temple
 16288 | D:8      | Found a glowing golden altar of the Shining One.
 16452 | D:8      | Reached skill level 5 in Ice Magic
 16495 | D:8      | Reached XP level 10. HP: 63/69 MP: 6/13
 16617 | D:8      | Found a staircase to the Lair.
 17302 | D:8      | Reached skill level 1 in Invocations
 17775 | Lair:1   | Entered Level 1 of the Lair of Beasts
 17879 | Lair:1   | Noticed a black mamba
 17880 | Lair:1   | Reached *** piety under Cheibriados
 17884 | Lair:1   | Slain by a komodo dragon

Illustrated notes

Levels and vault maps discovered:
D:1:      amcnicky_arrival_wind_blow, layout_loops_ring, serial_shops,
          nicolae_shop_temple_entry_statues_fountains
D:2:      layout_loops_corners, serial_shops, shop,
          shapermc_ecumenical_altar_acropolis
D:3:      layout_rooms, bloody_makhleb, gammafunk_ghost_stat_death
D:4:      layout_rooms, mainiacjoe_overflow_divided_tiny,
          cheibrodos_sewer_entry_bend, chequers_serial_rivers_micro_c,
          uniq_robin
D:5:      layout_cave_pools, mainiacjoe_overflow_24_doors, minitemple,
          uniq_menkaure
D:6:      layout_basic, abandoned_shop, minmay_mini_ossuary
D:7:      minmay_spotlight, layout_cave_pools, minmay_temple_entry_nine_rooms,
          sigmund_army
D:8:      layout_gridville, kennysheep_mini, minmay_lair_entry_grove
Temple:   eino_temple_lava
Lair:1:   layout_loops_ring, uniq_sonja

Skill      XL: |  1  2  3  4  5  6  7  8  9 10 |
---------------+-------------------------------+-----
Stealth        | 1 2 |  2.0
Poison Magic   | 1 |  1.0
Fighting       | 2 3 4 5 6 7 |  7.3
Dodging        | 3 4 5 6 7 |  7.3
Unarmed Combat | 4 5 6 7 |  7.3
Ice Magic      | 3 5 6 |  6.0
Transmutations | 3 5 6 |  6.0
Invocations    | 2 |  2.1
Spellcasting   | |  2.0

Action                   |  1- 3 |  4- 6 |  7- 9 | 10-12 || total
-------------------------+-------+-------+-------+-------++-------
Melee: Unarmed           |    68 |   164 |   244 |    46 ||   522
       Constrict         |    21 |    42 |    22 |       ||    85
       Kick              |    17 |    35 |    27 |       ||    79
       Tentacles         |     9 |    23 |    18 |       ||    50
       Punch             |     2 |     8 |     3 |       ||    13
 Cast: Beastly Appendage |    30 |    26 |    22 |       ||    78
       Spider Form       |       |     2 |     7 |       ||     9
       Wereblood         |       |     3 |     2 |     1 ||     6
       Ice Form          |       |       |    25 |    13 ||    38
Evoke: Wand              |       |       |     1 |     4 ||     5
  Use: Scroll            |       |     4 |     8 |     2 ||    14
       Potion            |       |     1 |       |     1 ||     2
 Stab: Sleeping          |    14 |    10 |     4 |       ||    28
Armor: Skin              |     6 |    27 |    40 |    22 ||    95
Dodge: Dodged            |    41 |   134 |   173 |    45 ||   393

Table legend: (Time is in decaauts)
 A = Elapsed time spent in this place.
 B = Non-inter-level travel time spent in this place.
 C = Inter-level travel time spent in this place.
 D = Time resting spent in this place.
 E = Time spent auto-exploring this place.
 F = Levels seen in this place.
 G = Mean time per level.
                   A        B        C        D        E       F      G
               +--------+--------+--------+--------+--------+-----+--------+
         Total |  18750 |  18485 |    265 |   7743 |   8797 |  11 | 1704.5 |
       Dungeon |  18165 |  17901 |    264 |   7743 |   8461 |   8 | 2270.6 |
        Temple |      1 |      1 |      0 |      0 |      0 |   1 |    1.0 |
          Lair |    118 |    118 |      0 |      0 |     84 |   1 |  118.0 |
         Sewer |    464 |    464 |      0 |      0 |    252 |   1 |  464.0 |
               +--------+--------+--------+--------+--------+-----+--------+

Top non-repeatable levels by time:
     D:4: 7414 daAuts
     D:5: 1947 daAuts
     D:8: 1890 daAuts
     D:7: 1674 daAuts
     D:3: 1536 daAuts
     D:6: 1450 daAuts
     D:1: 1170 daAuts
     D:2: 1080 daAuts
   Sewer: 464 daAuts
  Lair:1: 118 daAuts
  Temple: 1 daAuts
